 Dungeon Crawl Stone Soup version 0.31-a0-219-g8d62b2e7bb (webtiles) character file.

Game seed: 9875164771552874917

266 qw the Chopper (level 6, -1/37 HPs)
             Began as a Gargoyle Fighter on July 3, 2023.
             Slain by a gnoll
             ... wielding a +0 halberd
              (3 damage)
             ... on level 3 of the Dungeon.
             The game lasted 00:01:08 (1904 turns).

qw the Chopper (Gargoyle Fighter)                   Turns: 1904, Time: 00:01:09

Health: -1/37      AC: 13    Str: 21    XL:     6   Next: 20%
Magic:  6/6        EV:  7    Int:  9    God:
Gold:   41         SH:  4    Dex:  9    Spells: 5/5 levels left

rFire   . . .        Y - +0 war axe
rCold   . . .        c - +0 buckler
rNeg    + . .        m - +0 chain mail
rPois   inf          (no helmet)
rElec   +            (no cloak)
rCorr   .            (no gloves)
SInv    .            (no boots)
Will    .....        (no amulet) Stlth
                     (no ring)
HPRegen 0.26/turn    (no ring)
MPRegen 0.10/turn

%: no passive effects
@: no status effects
A: sickness immunity, AC +4, negative energy resistance 1, electricity
resistance, torment resistance 1, petrification resistance
a: no special abilities


You were on level 3 of the Dungeon.
You visited 1 branch of the dungeon, and saw 3 of its levels.

You collected 41 gold pieces.


Innate Abilities, Weirdness & Mutations

You are immune to sickness and miasma.
Your stone body is resilient. (AC +4)
You are immune to poison.
You resist negative energy. (rN+)
You are resistant to electric shocks. (rElec)
You are resistant to unholy torment.
You are immune to petrification.


   Skills:
 + Level 3.5 Fighting
 - Level 5.6 Axes
 - Level 3.2 Armour
 - Level 3.2 Shields


You had 5 spell levels left.
You didn't know any spells.
Your spell library was empty.

Inventory:

Hand Weapons
 n - a +0 flail
 Y - a +0 war axe (weapon)
Armour
 c - a +0 buckler (worn)
 m - a +0 chain mail (worn)
Scrolls
 g - a scroll of enchant weapon {unknown}
 i - a scroll of enchant armour {unknown}
 k - a scroll of identify
 l - a scroll of vulnerability {unknown}
Potions
 a - a potion of heal wounds {unknown}
 d - a potion of might
 e - a potion of lignification {unknown}
 j - 2 potions of mutation {unknown}

Dungeon Overview and Level Annotations

Branches:
Dungeon (3/15)

Altars:
Hepliaklqana
Sif Muna

Shops:
D:1 =

Annotations:
D:3 Grinder


Message History

The gnoll is moderately wounded.
The gnoll hits you but does no damage.
Grinder blinks!
The gnoll hits you but does no damage.
You completely miss the gnoll.
The gnoll is moderately wounded.
You block the gnoll's attack.
The gnoll hits you from afar with a +0 halberd!
Grinder gestures at you.
You suddenly lose the ability to move!
The gnoll hits you from afar with a +0 halberd!
The gnoll completely misses you. The gnoll hits you but does no damage.
The gnoll hits you from afar with a +0 halberd.
Grinder hits you but does no damage.
You can move again.
You barely miss the gnoll.
The gnoll is moderately wounded.
You slash Grinder! The gnoll hits you with a +0 spear.
The gnoll barely misses you. Grinder hits you but does no damage.
You hit Grinder.
Grinder is moderately wounded.
You hit the gnoll but do no damage.
The gnoll hits you from afar with a +0 halberd.
You block the gnoll's attack.
Grinder blinks!
You hit the gnoll.
The gnoll is almost dead.
You block the gnoll's attack. Grinder gestures at you.
Pain shoots through your body! The gnoll hits you but does no damage.
You slash the gnoll!
You kill the gnoll!
The gnoll barely misses you. You block the gnoll's attack.
You see here a +0 spear.
Enter note:
Enter note: You closely miss the gnoll.
The gnoll hits you with a +0 halberd. x2
You die...

###### ..... ...## #g.#
#######@####
#..........#
#....>.5)$.##
#...........#####
#...........[)..######..
#........<.####........#
#........<.# ###......#
#######.#.####...####.##
#.#.#....### .#


You could see Grinder and a gnoll.

Vanquished Creatures
  Sigmund (D:3)
  2 gnolls (D:3)
  3 adders (D:2)
  A worm (D:3)
  A dart slug (D:3)
  3 orcs (D:3)
  4 bats (D:2)
  5 endoplasms
  5 giant cockroaches
  3 goblins
  11 hobgoblins
  2 quokkas (D:1)
  4 ball pythons
  4 frilled lizards
  4 kobolds
  6 rats
59 creatures vanquished.

Notes
Turn   | Place    | Note
-------+----------+-------------------------------------------
     0 | D:1      | qw the Gargoyle Fighter began the quest for the Orb.
     0 | D:1      | Reached XP level 1. HP: 14/14 MP: 1/1
     0 | D:1      | 0 ||| qw: Version: 0.3-a-40-ge99b1a8
     0 | D:1      | 0 ||| qw: Game counter: 349
     0 | D:1      | 0 ||| qw: Melee chars always use a shield: true
     0 | D:1      | 0 ||| qw: God list: Okawaru
     0 | D:1      | 0 ||| qw: Allow faded altars: false
     0 | D:1      | 0 ||| qw: Do Orc after clearing Dungeon:15 true
     0 | D:1      | 0 ||| qw: Do second Lair branch before Depths: true
     0 | D:1      | 0 ||| qw: Lair rune preference: random
     0 | D:1      | 0 ||| qw: Goals: Normal, Zot:1-4, Slime:5, God:TSO, Crypt,
                  | Tomb, Abyss, Pan, Hells, Win
     0 | D:1      | 0 ||| PLANNING D:1-11
    14 | D:1      | 14 ||| Stepping ~*~*~tactically~*~*~ (stealth).
    47 | D:1      | Reached skill level 2 in Axes
    89 | D:1      | Reached XP level 2. HP: 18/19 MP: 2/2
   277 | D:1      | Found Borhiv's One-of-a-Kind Rings.
   285 | D:1      | 285 ||| SHOPLISTING +2 ring of dexterity (39 gold, have 6).
   285 | D:1      | 285 ||| SHOPLISTING +3 ring of evasion (130 gold, have 6).
   285 | D:1      | 285 ||| SHOPLISTING +3 ring of slaying (585 gold, have 6).
   285 | D:1      | 285 ||| SHOPLISTING +6 ring of protection (1014 gold, have
                  | 6).
   285 | D:1      | 285 ||| SHOPLISTING ring "Womif" {Drain rPois rC+++ Str-3
                  | Dex+6} (913 gold, have 6).
   285 | D:1      | 285 ||| SHOPLISTING ring of Liogurgh {rPois rC+ rCorr
                  | Int-4} (387 gold, have 6).
   285 | D:1      | 285 ||| SHOPLISTING ring of the Rose {Fire rPois rCorr
                  | Dex+2} (598 gold, have 6).
   558 | D:1      | Reached skill level 3 in Axes
   570 | D:1      | 570 ||| READING scroll labelled CIOLAL HE MIBO.
   571 | D:1      | 571 ||| READING scroll labelled QUIGAH ANOENG.
   580 | D:2      | 580 ||| Stepping ~*~*~tactically~*~*~ (stealth).
   591 | D:2      | Reached XP level 3. HP: 23/23 MP: 3/3
   595 | D:2      | 595 ||| STAIRDANCE
   616 | D:2      | 616 ||| STAIRDANCE
   645 | D:1      | 645 ||| READING scroll labelled IGAUM CEME.
   895 | D:2      | Reached XP level 4. HP: 28/28 MP: 4/4
  1120 | D:2      | Reached skill level 4 in Axes
  1175 | D:2      | 1175 ||| Stepping ~*~*~tactically~*~*~ (hiding).
  1650 | D:2      | You fall into a shaft and drop 1 floor!
  1773 | D:3      | 1773 ||| Stepping ~*~*~tactically~*~*~ (stealth).
  1802 | D:3      | 1802 ||| DROPPING +2 vampiric whip.
  1803 | D:3      | 1803 ||| DROPPING +0 club.
  1804 | D:3      | Found a hazy altar of Hepliaklqana.
  1811 | D:3      | Found a shimmering blue altar of Sif Muna.
  1843 | D:3      | 1843 ||| Stepping ~*~*~tactically~*~*~ (hiding).
  1848 | D:3      | Noticed Sigmund
  1857 | D:3      | Killed Sigmund
  1858 | D:3      | Reached skill level 5 in Axes
  1858 | D:3      | Reached XP level 5. HP: 30/32 MP: 5/5
  1858 | D:3      | Reached XP level 6. HP: 34/37 MP: 6/6
  1859 | D:3      | 1859 ||| Stepping ~*~*~tactically~*~*~ (stealth).
  1869 | D:3      | 1869 ||| UPGRADING to +0 chain mail.
  1879 | D:3      | 1879 ||| DROPPING +0 scale mail.
  1880 | D:3      | 1880 ||| READING scroll labelled HUOGOC PAINGYI.
  1890 | D:3      | Noticed Grinder
  1897 | D:3      | Paralysed by Grinder for 2 turns
  1899 | D:3      | HP: 6/37 [gnoll/+0 spear (4)]
  1901 | D:3      | HP: 2/37 [Grinder/nerve-wracking pain (3)]
  1904 | D:3      | Slain by a gnoll

Levels and vault maps discovered:
D:1:      scummos_arrival_checkerplants, layout_basic, nicolae_shop_unique_rings
D:2:      layout_basic, minmay_vboxes
D:3:      layout_rooms, grunt_temple_overflow_open, uniq_grinder, uniq_sigmund

Skill      XL: |  1  2  3  4 |
---------------+-------------+-----
Axes           | 2 3 5 |  5.6
Fighting       | |  3.5
Armour         | |  3.2
Shields        | |  3.2

Action                     |  1- 3 |  4- 6 || total
---------------------------+-------+-------++-------
  Melee: War axe           |    92 |    78 ||   170
    Use: Scroll            |     3 |     1 ||     4
 Armour: Scale mail        |    38 |    31 ||    69
         Chain mail        |       |     9 ||     9
  Dodge: Dodged            |    43 |    31 ||    74
  Block: Buckler           |    12 |    12 ||    24

Table legend:
 A = Non-vault XP
 B = Vault XP
 C = Vault XP percentage of total XP
 D = Non-vault monster count
 E = Vault monster count
 F = Vault count percentage of total count
                 A         B        C        D         E       F
            +---------+---------+-------+---------+---------+-------
      Total |     141 |     239 |  62.9 |      51 |       8 |  13.6
            +---------+---------+-------+---------+---------+-------
        D:1 |      32 |       6 |  15.8 |      20 |       3 |  13.0
        D:2 |      58 |      19 |  24.7 |      21 |       4 |  16.0
        D:3 |      51 |     214 |  80.8 |      10 |       1 |   9.1
            +---------+---------+-------+---------+---------+-------
